Cogmind - Beta 11 X5 --- EXPLORER MODE // 2021.07.09 @ 01:45:59 Player: Krytoss Result: Destroyed by Striker with Compact Linear Accelerator Performance ------------- Evolutions (9) 4500 Regions Visited (27) 5400 Robots Destroyed (550) 2750 Value Destroyed (32653) 32653 Prototype IDs (76) 1520 Alien Tech Used (0) 0 Bonus (11624) 11624 TOTAL SCORE: 58447 Bonus ------- High Alert Combat Kills 2414 Follower Combat Kills 3943 Entered Garrisons 1800 Used RIF Installer 4500 Friendly Fire -1033 Cogmind --------- Core Integrity 0/1600 Matter 290/300 Energy 100/100 System Corruption 84% Temperature Cool (0) Movement Core (50) Location -1/Command Parts ------- > --- POWER (2) -------- (None) > --- PROPULSION (6) --- (None) > --- UTILITY (14) ----- (None) > --- WEAPON (4) ------- (None) > --- INVENTORY (5) ---- Light Antimatter Reactor Light Quantum Reactor Advanced Heat Sink Heavy Laser Peak State ------------ > --- POWER ------------ Cooled Antimatter Reactor Quantum Reactor > --- PROPULSION ------- Advanced Heavy Treads Biometal Heavy Treads Advanced Heavy Siege Treads > --- UTILITY ---------- Advanced Cryofiber Web Advanced Heat Sink Advanced Coolant Injector Huge Storage Unit Experimental Optical Array Improved Thermal Defense Suite Improved Remote Shield Antimissile System Relay Coupler [NC] Relay Coupler [Grunt] Relay Coupler [Sentry] Relay Coupler [Demolisher] Relay Coupler [Specialist] Mini Drone Bay > --- WEAPON ----------- Enhanced Nova Cannon Enhanced Nova Cannon Enhanced Nova Cannon Advanced Remote Datajack > --- INVENTORY -------- Cooled Antimatter Reactor Improved Heavy Siege Treads Advanced Energy Well Advanced Sensor Array Advanced Particle Charger Layered Heavy Armor Plating Advanced Shield Generator Advanced Shield Generator Relay Coupler [NC] Relay Coupler [Grunt] Relay Coupler [Grunt] Relay Coupler [Brawler] Relay Coupler [Sentry] Relay Coupler [Sentry] Mini Drone Bay Advanced Variable Charge Gun Enhanced Quantum Rifle Enhanced Quantum Rifle Enhanced Quantum Rifle Compact Linear Accelerator Fusion Bomb Launcher Advanced Remote Datajack [Rating: 194] Favorites ----------- Power Cooled Antimatter Reactor Engine Improved Deuterium Engine Power Core Enhanced Nuclear Core Reactor Cooled Antimatter Reactor Propulsion Armored Huge Wheel Treads Advanced Heavy Siege Treads Leg Biometal Leg Wheel Armored Huge Wheel Hover Unit Improved Linear Gravjet Flight Unit Nuclear Pulse Array Utility Huge Storage Unit Device Advanced Heat Sink Storage Huge Storage Unit Processor Enhanced Optical Array Hackware Relay Coupler [NC] Protection Utility Shielding Weapon Enhanced Nova Cannon Energy Gun Gatling Laser Energy Cannon Enhanced Nova Cannon Ballistic Gun Assault Rifle Ballistic Cannon Compact Linear Accelerator Launcher Fusion Bomb Launcher Special Weapon Advanced Remote Datajack Impact Weapon Powered Hammer Special Melee Weapon Datajack Build | -11 -10 -10 -9 -9 -9 -9 -7 -7 -7 -7 -6 -6 -6 -6 -5 -5 -5 -5 -4 -3 -3 -2 -2 -1 -1 -1 -1 ------- Run | Scr Mat Min Mat Sto Gar Rec Fac Was Fac Gar Fac Gar Fac Gar Fac Gar Fac Gar Fac Res Gar Res Gar Acc Gar Acc Com Slots Evolved 19 | . 1 . 2 . . . 4 . . . 2 . . . 2 . . . 2 2 . 2 . 2 . . . Power 1 | . . . . . . . . . . . . . . . . . . . 1 . . . . . . . . Propulsion 4 | . . . 1 . . . 1 . . . . . . . . . . . 1 . . . . 1 . . . Utility 12 | . 1 . . . . . 3 . . . 2 . . . 2 . . . . 1 . 2 . 1 . . . Weapon 2 | . . . 1 . . . . . . . . . . . . . . . . 1 . . . . . . . Parts Attached 606 | . 15 1 29 21 10 1 38 2 10 10 22 23 46 6 15 9 33 15 13 36 28 33 10 2 21 72 85 Power 56 | . 3 . 2 1 . . 1 1 2 1 2 1 4 1 . 3 2 1 1 7 4 3 . . 2 6 8 Engine 14 | . 3 . 2 1 . . 1 . 2 1 2 . . . . 2 . . . . . . . . . . . Core 13 | . . . . . . . . . . . . 1 3 1 . 1 2 1 1 3 . . . . . . . Reactor 29 | . . . . . . . . 1 . . . . 1 . . . . . . 4 4 3 . . 2 6 8 Propulsion 105 | . 3 . 8 1 . . 14 . 3 1 1 6 6 . . 1 3 1 1 10 2 8 . 1 7 11 17 Treads 44 | . 3 . 4 . . . 5 . . . . . . . . . . . . 1 1 5 . . 1 11 13 Leg 8 | . . . . . . . . . . . . . . . . . . . . 2 . . . . 5 . 1 Wheel 50 | . . . 4 1 . . 9 . 3 1 1 6 6 . . 1 3 1 1 7 1 3 . 1 1 . . Hover 1 | . . . . . . . . . . . . . . . . . . . . . . . . . . . 1 Flight 2 | . . . . . . . . . . . . . . . . . . . . . . . . . . . 2 Utility 232 | . 4 . 3 1 2 . 12 . 4 4 7 7 13 2 8 3 13 9 5 10 17 16 7 1 10 36 38 Device 116 | . . . 2 . 1 . 6 . 1 2 2 4 5 . 5 2 1 1 1 6 10 7 5 1 5 29 20 Storage 15 | . 1 . 1 . . . 1 . . . 1 1 2 . . . . 1 1 . . . 1 . . . 5 Processor 20 | . 1 . . 1 . . 2 . 1 . 1 . . . 1 . 3 1 . 3 . 2 . . 1 . 3 Hackware 41 | . . . . . 1 . 1 . . 1 . . 3 . 1 . 1 4 3 1 5 2 1 . 4 5 8 Protection 40 | . 2 . . . . . 2 . 2 1 3 2 3 2 1 1 8 2 . . 2 5 . . . 2 2 Artifact . | . . . . . . . . . . . . . . . . . . . . . . . . . . . . Weapon 213 | . 5 1 16 18 8 1 11 1 1 4 12 9 23 3 7 2 15 4 6 9 5 6 3 . 2 19 22 Energy Gun 102 | . 2 . 12 11 5 1 7 1 1 3 8 9 11 2 5 1 9 3 . . . . . . . 1 10 Energy Cannon 20 | . . 1 . . . . 2 . . . . . . . . . . . 3 2 2 2 1 . 1 6 . Ballistic Gun 6 | . 2 . 2 . . . . . . . . . . . . . . . . . . . . . . . 2 Ballistic Cannon 4 | . . . . . . . . . . . . . . . . . . . . . 1 . . . . . 3 Launcher 21 | . 1 . . 2 2 . . . . . . . 1 1 . 1 3 . 2 . 1 . 1 . . 3 3 Special Weapon 40 | . . . . . . . . . . . 2 . 7 . 2 . 2 1 . 6 1 4 1 . 1 9 4 Impact Weapon 19 | . . . 2 5 1 . 1 . . 1 2 . 4 . . . 1 . 1 1 . . . . . . . Slashing Weapon . | . . . . . . . . . . . . . . . . . . . . . . . . . . . . Piercing Weapon . | . . . . . . . . . . . . . . . . . . . . . . . . . . . . Special Melee Weapon 1 | . . . . . . . 1 . . . . . . . . . . . . . . . . . . . . Unidentified Prototypes 19 | . . . . 2 . . 1 . 1 . . . 1 . 2 . 1 . 1 4 . . . . . 3 3 Corrupted Parts 3 | . . . . 1 . . . . . . . . . . . . . . . . . . . . . . 2 System Corruption 13 | . . . . 5 . . . . . . . . . . . . . . . . . . . . . . 8 Parts Lost 97 | . . . . . . . . . . 3 1 2 7 4 . 1 6 1 7 . 7 1 3 . 1 2 51 Power 10 | . . . . . . . . . . 1 . 1 1 1 . . . . 1 . 1 . . . . . 4 Propulsion 15 | . . . . . . . . . . . . . . . . . 1 . 2 . 1 . . . 1 . 10 Utility 41 | . . . . . . . . . . . 1 . 6 1 . 1 2 1 2 . 3 . 1 . . 2 21 Weapon 31 | . . . . . . . . . . 2 . 1 . 2 . . 3 . 2 . 2 1 2 . . . 16 Highest Loss Streak 14 | . . . . . . . . . . 2 1 1 3 3 . 1 5 1 7 . 2 1 2 . 1 2 14 Average Slot Usage (%) 89 | . 100 100 100 99 99 100 95 91 87 84 86 88 92 82 82 82 85 86 84 89 98 95 94 96 98 85 69 Engine 2 | . 12 12 10 10 10 10 7 2 5 6 5 1 . . . 1 . . . . . . . . . . . Core 1 | . . . . . . . . . . . . 4 5 3 5 3 5 5 9 2 . . . . . . . Reactor 2 | . . . . . . . . 4 1 . . . . 2 . . . . . 5 8 8 8 7 7 6 5 Treads 3 | . 23 25 4 . . . 3 . . . . . . . . . . . . 2 3 4 4 3 1 9 9 Wheel 12 | . . . 25 29 30 30 20 21 16 14 12 13 17 12 11 11 10 11 10 15 18 12 12 15 15 2 . Device 10 | . . . 8 10 10 10 7 7 7 6 11 11 10 8 12 15 14 10 6 6 10 11 15 19 18 14 14 Storage 7 | . 12 12 10 10 10 10 7 7 7 7 6 12 11 12 11 11 11 9 5 4 4 4 7 7 7 5 2 Processor 9 | . 12 12 10 10 10 10 14 14 14 14 12 12 12 12 11 6 9 11 10 11 8 7 8 7 6 4 5 Hackware 11 | . . . . . . . 6 7 7 7 6 . 7 6 7 5 7 16 23 22 24 24 21 19 19 21 16 Protection 4 | . 12 12 1 . . . 6 7 7 7 11 12 6 5 5 8 10 4 4 . 1 5 . . . 2 . Energy Gun 11 | . 12 12 25 27 19 29 20 21 21 20 17 18 14 11 15 15 14 10 5 . . . . . . . 2 Energy Cannon 3 | . . 6 . . . . . . . . . . . . . . . . 4 12 13 10 9 11 11 10 4 Special Weapon 1 | . . . . . . . . . . . . . 1 1 . . . 4 4 2 2 2 4 3 3 2 1 Naked Turns 17 | . . . . . . . . . . . . . . . . . . . . . . . . . . . 17 Heaviest Build 214 | 17 31 31 96 101 102 99 111 117 117 108 124 124 124 146 148 150 143 111 119 154 172 176 173 179 179 214 198 Greatest Support 240 | 20 40 40 60 36 36 36 56 52 56 56 56 56 56 56 56 56 56 48 76 78 72 68 56 68 68 240 235 Greatest Overweight (x) 6 | . 1 . 2 4 2 2 4 2 2 1 2 3 3 2 2 2 4 2 5 6 2 5 3 2 2 6 3 Average Overweight (x) 1 | . . . 1 2 2 2 1 2 1 1 1 2 1 2 2 2 1 2 1 2 1 2 2 2 2 . . Largest Inventory Capacity 25 | 10 15 15 25 25 25 25 25 25 25 25 25 25 25 25 25 25 25 25 25 25 25 25 25 25 25 25 25 Average Capacity 23 | 10 14 15 23 25 25 25 25 25 25 25 25 25 25 25 25 25 25 25 25 25 25 25 25 25 25 25 13 Most Carried 25 | 7 15 15 25 25 25 25 25 25 25 25 25 25 25 25 25 25 25 25 25 25 25 25 25 24 25 25 25 Average Carried 23 | 7 13 15 22 24 24 24 24 25 24 24 24 24 23 22 24 24 24 24 24 24 24 24 24 23 24 24 12 Final Capacity 25 | 10 15 15 25 25 25 25 25 25 25 25 25 25 25 25 25 25 25 25 25 25 25 25 25 25 25 25 5 Final Carried 25 | 7 15 15 25 25 25 25 25 25 25 25 25 23 25 22 25 25 25 25 24 25 25 25 25 23 25 25 4 Class Distribution -------------------- 21% | Hacker-Gunner 19% | Botlord-Mutant 12% | Botlord-Tank 10% | Hacker-Mutant 10% | Bothacker-Gunner 5% | Bothacker-Tank 4% | Bothacker-Mutant 4% | Botlord-Gunner 3% | Botlord-Skirmisher Dominant Class ---------------- Hacker-Mutant | -10/Materials Hacker-Mutant | -10/Mines Hacker-Gunner | -9/Materials Hacker-Gunner | -9/Storage Hacker-Mutant | -9/Garrison Hacker-Gunner | -9/Recycling Hacker-Gunner | -7/Factory Hacker-Gunner | -7/Waste Hacker-Gunner | -7/Factory Hacker-Gunner | -7/Garrison Bothacker-Gunner | -6/Factory Bothacker-Tank | -6/Garrison Bothacker-Tank | -6/Factory Bothacker-Mutant | -6/Garrison Bothacker-Gunner | -5/Factory Botlord-Tank | -5/Garrison Botlord-Tank | -5/Factory Botlord-Mutant | -5/Garrison Botlord-Mutant | -4/Factory Botlord-Mutant | -3/Research Botlord-Skirmisher | -3/Garrison Botlord-Mutant | -2/Research Botlord-Tank | -2/Garrison Botlord-Tank | -1/Access Botlord-Mutant | -1/Garrison Botlord-Mutant | -1/Access Botlord-Mutant | -1/Command Resources | -11 -10 -10 -9 -9 -9 -9 -7 -7 -7 -7 -6 -6 -6 -6 -5 -5 -5 -5 -4 -3 -3 -2 -2 -1 -1 -1 -1 ----------- Run | Scr Mat Min Mat Sto Gar Rec Fac Was Fac Gar Fac Gar Fac Gar Fac Gar Fac Gar Fac Res Gar Res Gar Acc Gar Acc Com Matter Collected 9715 | 200 236 30 356 201 261 53 379 30 100 98 238 320 572 170 241 115 357 138 314 502 311 554 386 . 435 1494 1624 Remotely . | . . . . . . . . . . . . . . . . . . . . . . . . . . . . Salvage Created 29021 | . 562 43 1368 826 491 537 902 440 467 1617 1323 1691 1930 511 704 990 850 180 452 396 2029 1554 1310 . 1412 3456 2980 Parts 1185 | . 37 2 80 47 24 23 31 . 19 50 58 67 82 19 21 29 37 8 24 21 59 81 35 . 50 151 130 Haulers Intercepted 14 | . 2 . 6 4 . . 1 . . . . . 1 . . . . . . . . . . . . . . Recyclers Shooed 6 | . . . 3 . . 1 . . . . . . . . . . 1 . . . . . . . . 1 . Parts Field Recycled . | . . . . . . . . . . . . . . . . . . . . . . . . . . . . Retrieved Matter . | . . . . . . . . . . . . . . . . . . . . . . . . . . . . Parts Self-Destructed . | . . . . . . . . . . . . . . . . . . . . . . . . . . . . Prevented . | . . . . . . . . . . . . . . . . . . . . . . . . . . . . Kills | -11 -10 -10 -9 -9 -9 -9 -7 -7 -7 -7 -6 -6 -6 -6 -5 -5 -5 -5 -4 -3 -3 -2 -2 -1 -1 -1 -1 ------- Run | Scr Mat Min Mat Sto Gar Rec Fac Was Fac Gar Fac Gar Fac Gar Fac Gar Fac Gar Fac Res Gar Res Gar Acc Gar Acc Com Combat Hostiles Destroyed 472 | . 11 3 22 12 14 7 11 . 8 36 25 29 32 16 14 25 18 3 19 4 22 20 19 . 16 48 38 Guns 276 | . 11 2 22 12 11 7 8 . 8 33 24 28 28 9 13 20 14 3 6 . . . . . . . 17 Cannons 112 | . . 1 . . . . . . . . . . . . . . . . 3 4 18 18 10 . 12 39 7 AOE 42 | . . . . . 3 . . . . . . . 2 7 . 4 3 . 10 . . . 8 . . 1 4 Classes Destroyed 22 | . 6 1 4 1 . 1 1 . . 1 . 2 2 . 1 . . . 1 . . . . . . 1 . Worker 18 | . 1 . 1 2 . . 1 . 1 . 4 . 1 . . . 1 . 1 . . . . . . 2 3 Builder 8 | . . . 1 . . 1 . . 2 . 1 . . . . . 1 . 1 1 . . . . . . . Tunneler 2 | . . . . . . . . . . . . . . . 1 . . . . 1 . . . . . . . Hauler 14 | . 2 . 6 4 . . 1 . . . . . 1 . . . . . . . . . . . . . . Recycler 15 | . 1 . 2 1 . 5 2 . . . . . . . . . . . . 1 . 1 . . . 1 1 Mechanic 1 | . . . 1 . . . . . . . . . . . . . . . . . . . . . . . . Operator 7 | . . . . 2 . 1 . . . . . . . . 1 . 1 . 1 . . 1 . . . . . Drone 8 | . . . . . . 7 . . . . . . . . . . . . . . . . . . . . 1 Watcher 15 | . 3 . 2 . . . 4 . 2 . 2 . 1 . . . . 1 . . . . . . . . . Swarmer 112 | . 6 . 7 2 4 . . . . 12 9 14 3 9 . 7 5 . 10 . 6 1 10 . . 2 5 Saboteur 1 | . . . . . . . . . . . . . . . . . . . 1 . . . . . . . . Grunt 160 | . 5 1 5 7 9 . 2 . 4 17 11 8 10 7 8 14 2 3 . . 7 2 6 . 10 11 11 Brawler 8 | . . . . . . . . . . 1 . . . . 1 1 . . . . 3 . . . 1 1 . Duelist 3 | . . . 1 . . . . . . . . . . . . 1 . . . . 1 . . . . . . Protector 1 | . . . . . . . . . . . . . 1 . . . . . . . . . . . . . . Sentry 46 | . . . 9 3 1 . 5 . 2 5 2 4 4 . . . 3 . 1 . 2 2 . . . 2 1 Demolisher 4 | . . 2 . . . . . . 1 1 . . . . . . . . . . . . . . . . . Specialist 2 | . . . . . . . . . . . . . 2 . . . . . . . . . . . . . . Hunter 37 | . . . . . . . . . . . . 1 4 . 1 2 2 . 4 . 2 4 2 . 2 7 6 Programmer 81 | . . . . . . . 4 . 1 . 3 1 8 . 4 . 6 . 3 4 2 12 1 . 2 20 10 Behemoth 4 | . . . . . . . . . . . . 1 . . . . . . . . . . . . 1 1 1 M Guard 1 | . . . . . . . . . . . . . . . . . . . . . . . . . . . 1 Combat Programmer 2 | . . . . . . . . . . . . . . . . . . . . . . . . . . . 2 Assembled 5 | . . . . . . . . . . . . . . . . . . . . . . . . . . 5 . Surgeon 1 | . . . . . . . . . . 1 . . . . . . . . . . . . . . . . . Best Kill Streak 10 | . 4 3 7 6 7 7 3 . 3 9 8 7 7 8 3 6 4 2 10 3 7 4 9 . 8 8 5 Combat Bots Only 9 | . 4 3 5 4 7 2 2 . 3 9 5 7 7 8 3 6 4 2 9 1 7 3 9 . 8 7 5 Max Kills in Single Turn 5 | . 2 2 2 2 2 1 1 . 1 2 2 2 2 3 2 3 2 1 5 1 1 2 3 . 1 2 2 Gunslinging 1 | . 1 . 1 1 1 . . . . 1 . 1 1 . . . . . . . . . . . . . . Exploded 5 | . . . . . 2 . . . . . . . 1 3 . 3 2 . 5 . . . 3 . . 1 2 Melee . | . . . . . . . . . . . . . . . . . . . . . . . . . . . . Uniques/NPCs Destroyed . | . . . . . . . . . . . . . . . . . . . . . . . . . . . . Combat | -11 -10 -10 -9 -9 -9 -9 -7 -7 -7 -7 -6 -6 -6 -6 -5 -5 -5 -5 -4 -3 -3 -2 -2 -1 -1 -1 -1 -------- Run | Scr Mat Min Mat Sto Gar Rec Fac Was Fac Gar Fac Gar Fac Gar Fac Gar Fac Gar Fac Res Gar Res Gar Acc Gar Acc Com Damage Taken 29273 | . 215 291 317 198 80 . 294 . 283 931 586 1582 2056 472 499 380 1714 113 1464 325 1647 874 703 . 781 1872 11596 Core 3592 | . 7 37 58 34 7 . 25 . 22 116 138 314 276 32 34 35 234 34 201 61 204 76 28 . 70 72 1477 Absorbed by Shields 1886 | . . . . . . . . . . . . 12 . 90 . 153 . 58 . . 4 . 183 . 606 490 290 Reduced by Siege Mode 699 | . . . . . . . . . . . . . . . . . . . . . . 15 . . 64 36 584 Core Remaining (%) 73 | 100 . 82 . . . 75 . . . 76 . . . 10 . . . 66 82 . 79 . 92 . . . . Volleys Fired 1339 | . 33 5 58 32 25 19 33 7 21 70 49 90 83 28 30 41 33 46 28 27 87 44 46 . 58 147 199 Largest 4 | . 2 2 3 3 3 3 3 3 3 3 3 3 3 3 3 3 3 2 3 3 4 4 3 . 3 4 4 Hottest 675 | . 80 110 168 168 168 168 240 240 240 220 240 675 240 123 240 240 510 325 265 240 330 360 360 . 360 409 428 Shots Fired 3139 | . 66 10 173 89 49 58 99 21 56 186 130 239 192 57 83 122 90 52 54 59 226 116 107 . 124 320 361 Gun 1959 | . 65 5 173 89 44 58 99 21 56 186 127 239 182 50 81 120 85 41 17 . . . . . . . 221 Cannon 975 | . . 5 . . . . . . . . . . . . . . . . 27 49 224 106 91 . 102 259 112 Launcher 40 | . 1 . . . 5 . . . . . . . . 7 . 2 3 . 5 . . . 8 . . 2 7 Special 165 | . . . . . . . . . . . 3 . 10 . 2 . 2 11 5 10 2 10 8 . 22 59 21 Kinetic 135 | . 32 . 22 . . . . . . . . . . . . . . . . . 2 19 . . . . 60 Thermal 2665 | . 33 10 151 88 44 58 99 21 56 186 127 239 182 50 81 120 85 41 44 49 222 87 91 . 102 259 140 Explosive 35 | . 1 . . . . . . . . . . . . 7 . 2 3 . 5 . . . 8 . . 2 7 Electromagnetic 139 | . . . . 1 5 . . . . . . . . . . . . . . . . . . . . . 133 Robot Hit Streak 93 | . 31 17 49 13 15 15 38 27 38 62 35 84 93 24 59 38 38 26 38 41 41 27 33 . 32 46 80 Robot Miss Streak 5 | . 2 . 2 2 1 4 1 1 1 2 4 2 1 1 1 2 2 1 1 1 2 2 1 . 1 5 2 Penetration Max . | . . . . . . . . . . . . . . . . . . . . . . . . . . . . Secondary Targets 24 | . 1 . 5 1 1 . . . . 2 . 2 7 2 . 2 . . . . . . . . . . 1 Max Gunslinging Chain 1 | . 1 . 1 1 1 . . . . 1 . 1 1 1 . 1 . . . . . . . . . . 1 Shots Hit Robots 2355 | . 52 8 132 58 21 24 95 20 50 147 107 151 167 41 76 102 69 23 49 45 155 91 68 . 91 218 295 Core Hits 1124 | . 25 5 49 25 18 14 42 12 35 94 75 88 71 27 50 75 46 12 48 12 53 29 33 . 28 59 99 Critical Kills 24 | . . . . . . . . . . . 1 3 1 . . . . . . . 2 2 1 . 4 6 4 Critical Parts Destroyed 5 | . . . . . . . . . . . . 2 1 . . . . . . . . . . . . . 2 Critical Strikes 83 | . 2 1 10 6 2 2 14 . . 4 2 5 7 1 1 . . . . . 2 3 1 . 4 6 10 Burn 49 | . 2 1 10 6 2 2 14 . . 4 1 . 5 1 1 . . . . . . . . . . . . Meltdown 17 | . . . . . . . . . . . . . . . . . . . . . 2 2 1 . 4 6 2 Destroy 12 | . . . . . . . . . . . 1 5 2 . . . . . . . . . . . . . 4 Blast 1 | . . . . . . . . . . . . . . . . . . . . . . 1 . . . . . Corrupt 4 | . . . . . . . . . . . . . . . . . . . . . . . . . . . 4 Melee Attacks 63 | . . . 7 8 17 . 9 . . 4 1 . 7 . . . 7 . 3 . . . . . . . . Impact 55 | . . . 7 8 17 . 1 . . 4 1 . 7 . . . 7 . 3 . . . . . . . . Slashing . | . . . . . . . . . . . . . . . . . . . . . . . . . . . . Piercing . | . . . . . . . . . . . . . . . . . . . . . . . . . . . . Sneak Attacks 8 | . . . . . . . 8 . . . . . . . . . . . . . . . . . . . . Combat Hostiles . | . . . . . . . . . . . . . . . . . . . . . . . . . . . . Follow-up Attacks . | . . . . . . . . . . . . . . . . . . . . . . . . . . . . Damage Inflicted 73113 | . 676 134 2092 1016 473 463 1710 615 1284 3548 2724 3765 5063 2033 2422 3056 2587 390 3018 1731 6281 4023 4090 . 3135 8440 8344 Guns 36266 | . 676 63 2092 990 358 463 1710 615 1258 3291 2724 3765 4886 1233 2219 2656 2211 390 647 . . . . . . . 4019 Cannons 30025 | . . 71 . . . . . . . . . . . . . . . . 735 1731 6281 4023 2584 . 3135 8242 3223 Explosions 6437 | . . . . . 115 . . . . . . . 177 800 203 400 339 . 1636 . . . 1506 . . 198 1063 Melee 265 | . . . . 26 . . . . . 239 . . . . . . . . . . . . . . . . . Ramming 120 | . . . . . . . . . 26 18 . . . . . . 37 . . . . . . . . . 39 Kinetic 2549 | . 314 . 255 . . . . . . . . . . . . . . . . . . 635 . . . . 1345 Thermal 62151 | . 362 134 1837 963 358 463 1710 615 1258 3291 2724 3765 4886 1233 2422 2656 2211 390 1382 1731 6281 3388 2584 . 3135 8242 4130 Explosive 5736 | . . . . . . . . . . . . . . 800 . 400 339 . 1636 . . . 1506 . . 198 857 Electromagnetic 2292 | . . . . 27 115 . . . . . . . 177 . . . . . . . . . . . . . 1973 Impact 265 | . . . . 26 . . . . . 239 . . . . . . . . . . . . . . . . . Slashing . | . . . . . . . . . . . . . . . . . . . . . . . . . . . . Piercing . | . . . . . . . . . . . . . . . . . . . . . . . . . . . . Highest Corruption 84 | . 1 1 . 6 6 6 2 2 2 2 4 5 9 9 . . 5 5 2 . 2 3 5 . . 13 84 Average Corruption 9 | . 1 1 . 5 6 6 1 2 2 2 2 4 5 9 . . 1 5 1 . 1 1 3 . . 8 43 Corruption Purged . | . . . . . . . . . . . . . . . . . . . . . . . . . . . . Effects 580 | . . . . 18 23 19 8 2 12 9 4 34 75 22 . . 4 16 . . 13 5 22 . . 97 197 Message Errors 130 | . . . . 1 6 4 4 . 6 3 2 11 18 7 . . 3 4 . . 6 2 5 . . 22 26 Matter Fused 119 | . . . . 4 6 6 . . . . 1 9 17 5 . . . 2 . . . 1 4 . . 21 43 Heat Flow Errors 57 | . . . . 3 3 2 1 1 . 2 1 2 8 4 . . . 2 . . 2 . 5 . . 11 10 Energy Discharges 70 | . . . . 1 1 2 2 1 3 2 . 6 13 1 . . 1 3 . . . . 2 . . 13 19 Parts Rejected 8 | . . . . . . . . . . . . 1 2 . . . . . . . . . . . . 1 4 Data Loss (minor) 79 | . . . . 3 4 4 1 . 2 1 . 2 10 2 . . . 2 . . 4 1 5 . . 13 25 Data Loss (major) 23 | . . . . . . . . . . . . 3 3 2 . . . 2 . . . . . . . 6 7 Misfires 14 | . . . . 2 3 1 . . . . . . 2 . . . . . . . . . . . . 1 5 Alerts 1 | . . . . . . . . . . . . . . . . . . . . . . . . . . 1 . Misdirections 18 | . . . . . . . . . . . . . . . . . . . . . . . . . . 4 14 Weapon Failures 61 | . . . . 4 . . . . 1 1 . . 2 1 . . . 1 . . 1 1 1 . . 4 44 Overload Shots 234 | . . . . . . . . . . 2 . 9 85 30 17 24 24 21 3 4 12 . . . . . 3 Effects 11 | . . . . . . . . . . . . 1 4 3 . 1 2 . . . . . . . . . . Energy Bleed 2 | . . . . . . . . . . . . . 1 . . . 1 . . . . . . . . . . Heat Surge 2 | . . . . . . . . . . . . . 2 . . . . . . . . . . . . . . Short Circuit 2 | . . . . . . . . . . . . . 1 . . 1 . . . . . . . . . . . Meltdown 5 | . . . . . . . . . . . . 1 . 3 . . 1 . . . . . . . . . . Overflow Damage 1518 | . . . . . . . . . . 24 . . . 35 63 8 4 . 151 197 130 137 202 . 34 282 251 Projectiles 1181 | . . . . . . . . . . . . . . . . . . . 128 197 130 137 114 . 34 280 161 Explosions 313 | . . . . . . . . . . . . . . 35 63 8 4 . 23 . . . 88 . . 2 90 Melee 24 | . . . . . . . . . . 24 . . . . . . . . . . . . . . . . . Knockbacks 4 | . . . . . . . . . . . . . . . . . 1 . . . . 3 . . . . . Impact 1 | . . . . . . . . . . . . . . . . . 1 . . . . . . . . . . Kinetic 3 | . . . . . . . . . . . . . . . . . . . . . . 3 . . . . . Secondary . | . . . . . . . . . . . . . . . . . . . . . . . . . . . . Self-Inflicted Damage 380 | . . . . . . . . . 13 9 . . 17 . 166 . 18 . . . . . . . . . 157 Shots 12 | . . . . . . . . . . . . . 1 . 4 . . . . . . . . . . . 7 Rammed 17 | . . . . . . . . . 1 1 . . . . . . 3 . . . . . . . . . 12 Targets Rammed 17 | . . . . . . . . . 1 1 . . . . . . 3 . . . . . . . . . 12 Kicked . | . . . . . . . . . . . . . . . . . . . . . . . . . . . . Crushed . | . . . . . . . . . . . . . . . . . . . . . . . . . . . . Highest Temperature 667 | . 48 240 150 218 221 255 182 170 148 224 459 649 348 267 384 275 318 427 278 363 330 430 308 . 246 508 667 Average Temperature 96 | . 16 123 49 59 66 56 40 68 38 40 102 96 96 110 103 83 113 121 85 120 75 160 105 . 118 134 158 Received Heat Transfer 4773 | . 42 . 198 126 . . 75 . 126 453 321 507 496 262 153 217 204 74 36 27 237 45 185 . 107 191 691 Effects 34 | . . . . . . . . . . . 3 6 . . . . . 1 . 1 . 3 1 . . 2 17 Shutdowns 4 | . . . . . . . . . . . 1 1 . . . . . . . . . . . . . . 2 Energy Bleed 8 | . . . . . . . . . . . 2 1 . . . . . 1 . . . 1 1 . . . 2 Interference 5 | . . . . . . . . . . . . 1 . . . . . . . 1 . 2 . . . . 1 Matter Decay 1 | . . . . . . . . . . . . 1 . . . . . . . . . . . . . . . Short Circuit 2 | . . . . . . . . . . . . . . . . . . . . . . . . . . . 2 Damage (minor) 4 | . . . . . . . . . . . . . . . . . . . . . . . . . . 2 2 Damage (major) 8 | . . . . . . . . . . . . 1 . . . . . . . . . . . . . . 7 Damage (core) 2 | . . . . . . . . . . . . 1 . . . . . . . . . . . . . . 1 Siege Activations 11 | . . . . . . . . . . . . . . . . . . . . . . 1 1 . 1 3 5 Total Turns 292 | . . . . . . . . . . . . . . . . . . . . . . 28 15 . 69 27 153 Longest Duration 69 | . . . . . . . . . . . . . . . . . . . . . . 28 15 . 69 14 59 Robots Corrupted 9 | . . . . . . . . . . . . . . . . . . . . . . . . . . . 9 Combat Hostiles 8 | . . . . . . . . . . . . . . . . . . . . . . . . . . . 8 Parts Fried 22 | . . . . . . . . . . 1 . . . . . . . . . . . . . . . . 21 Impact Corruptions 2 | . . . . . . . . . . 2 . . . . . . . . . . . . . . . . . Robots Melted 37 | . . . 1 . . . 4 . . 4 1 1 2 . 1 1 1 . . . 4 2 1 . 4 8 2 Combat Hostiles 34 | . . . . . . . 3 . . 3 1 1 2 . 1 1 1 . . . 4 2 1 . 4 8 2 Parts Melted 241 | . 3 . 15 11 2 2 20 . 14 15 11 19 35 1 6 12 12 . 2 3 14 6 2 . 7 21 8 Heat Transferred 84311 | . 1221 407 4810 2553 925 1147 4518 1400 2660 6967 5049 6301 7169 1692 4096 4598 3167 635 1636 1277 5446 2664 2220 . 2473 6166 3114 Parts Sabotaged . | . . . . . . . . . . . . . . . . . . . . . . . . . . . . Parts Stolen . | . . . . . . . . . . . . . . . . . . . . . . . . . . . . Parts Stripped . | . . . . . . . . . . . . . . . . . . . . . . . . . . . . Power Chain Reactions 2 | . . . . . . . . . . . . . . . . . . . . . . . . . . . 2 Missiles Intercepted . | . . . . . . . . . . . . . . . . . . . . . . . . . . . . Alert | -11 -10 -10 -9 -9 -9 -9 -7 -7 -7 -7 -6 -6 -6 -6 -5 -5 -5 -5 -4 -3 -3 -2 -2 -1 -1 -1 -1 ------- Run | Scr Mat Min Mat Sto Gar Rec Fac Was Fac Gar Fac Gar Fac Gar Fac Gar Fac Gar Fac Res Gar Res Gar Acc Gar Acc Com Peak Influence 1292 | . 191 70 409 327 536 286 1181 46 341 1292 521 762 503 397 425 924 475 389 683 300 819 637 1014 461 798 441 377 Initial 906 | . . . 19 62 106 174 906 46 24 89 503 121 297 64 154 229 360 244 150 252 49 345 288 461 289 362 66 Average 307 | . 60 29 148 171 276 132 584 46 143 846 286 482 199 240 154 669 288 319 212 137 489 436 720 461 629 135 103 Maximum Alert Level 4 | . . . 2 1 2 1 4 . 1 4 2 3 2 1 2 3 2 1 2 1 3 2 3 2 3 2 1 Low Security (%) 42 | 100 100 100 60 51 43 52 15 100 68 12 33 8 47 40 61 . 17 . 54 62 7 . . . . 71 82 Level 1 31 | . . . 39 48 35 47 16 . 31 4 40 29 42 59 31 18 71 100 35 37 44 34 21 . 9 26 17 Level 2 14 | . . . . . 20 . 29 . . 14 26 45 10 . 7 15 10 . 9 . 24 65 25 100 47 2 . Level 3 10 | . . . . . . . 36 . . 40 . 16 . . . 66 . . . . 24 . 53 . 43 . . Level 4 1 | . . . . . . . 1 . . 27 . . . . . . . . . . . . . . . . . Level 5 . | . . . . . . . . . . . . . . . . . . . . . . . . . . . . High Security . | . . . . . . . . . . . . . . . . . . . . . . . . . . . . Max Security . | . . . . . . . . . . . . . . . . . . . . . . . . . . . . Squads Dispatched 70 | . 1 . . 1 . . 6 . 7 . 10 . 8 . 4 . 5 . 2 2 . 5 . . . 10 9 Investigation 4 | . 1 . . . . . . . 1 . 1 . 1 . . . . . . . . . . . . . . Extermination 33 | . . . . . . . 4 . 2 . 2 . 2 . 2 . 2 . 1 2 . 2 . . . 8 6 Reinforcement 29 | . . . . 1 . . 2 . 4 . 4 . 5 . 2 . 2 . 1 . . 3 . . . 2 3 Assault . | . . . . . . . . . . . . . . . . . . . . . . . . . . . . Garrison 4 | . . . . . . . . . . . 3 . . . . . 1 . . . . . . . . . . Intercept . | . . . . . . . . . . . . . . . . . . . . . . . . . . . . Construction Impeded 2 | . . . . . . . . . 1 . . . . . . . . . . . . . . . . 1 . Haulers Reinforced 5 | . . . . . . . . . . . 1 . 2 . . . . . . . . 1 . . . 1 . Cargo Convoy Interrupts 4 | . . . . . . . 1 . . . . . 1 . . . 1 . 1 . . . . . . . . Stealth | -11 -10 -10 -9 -9 -9 -9 -7 -7 -7 -7 -6 -6 -6 -6 -5 -5 -5 -5 -4 -3 -3 -2 -2 -1 -1 -1 -1 --------- Run | Scr Mat Min Mat Sto Gar Rec Fac Was Fac Gar Fac Gar Fac Gar Fac Gar Fac Gar Fac Res Gar Res Gar Acc Gar Acc Com Distress Signals 19 | . . . 5 4 . . 2 . . . . . 5 . . . 1 . . 1 1 . . . . . . Communications Jammed 464 | . . . . . . . . . . . . . . . 201 . 48 . 54 41 . 60 . . . 57 3 Distress Signals 461 | . . . . . . . . . . . . . . . 201 . 48 . 54 40 . 60 . . . 55 3 Times Spotted 812 | . 20 5 32 19 15 9 22 . 37 43 36 30 65 18 31 29 49 14 39 14 37 37 29 . 28 85 69 Peak Tracking Total 17 | . 4 3 5 4 5 3 4 . 6 8 5 4 9 10 5 5 17 4 14 3 7 4 6 . 4 6 10 Tactical Retreats 31 | . 1 . 2 . 2 . 2 . . 3 1 1 2 . . 3 4 . . 1 2 . 1 . . 2 4 Traps | -11 -10 -10 -9 -9 -9 -9 -7 -7 -7 -7 -6 -6 -6 -6 -5 -5 -5 -5 -4 -3 -3 -2 -2 -1 -1 -1 -1 ------- Run | Scr Mat Min Mat Sto Gar Rec Fac Was Fac Gar Fac Gar Fac Gar Fac Gar Fac Gar Fac Res Gar Res Gar Acc Gar Acc Com Traps Triggered 82 | . 3 . 2 2 2 . 5 . 3 8 3 8 2 3 3 6 3 3 . 1 5 . 7 . 5 5 3 Indirectly . | . . . . . . . . . . . . . . . . . . . . . . . . . . . . Trap Hack Attempts . | . . . . . . . . . . . . . . . . . . . . . . . . . . . . Triggered . | . . . . . . . . . . . . . . . . . . . . . . . . . . . . Disarmed . | . . . . . . . . . . . . . . . . . . . . . . . . . . . . Reprogrammed . | . . . . . . . . . . . . . . . . . . . . . . . . . . . . Reused . | . . . . . . . . . . . . . . . . . . . . . . . . . . . . Traps Extracted . | . . . . . . . . . . . . . . . . . . . . . . . . . . . . Installed . | . . . . . . . . . . . . . . . . . . . . . . . . . . . . Triggered 3 | . . . . . 1 . 2 . . . . . . . . . . . . . . . . . . . . Machines | -11 -10 -10 -9 -9 -9 -9 -7 -7 -7 -7 -6 -6 -6 -6 -5 -5 -5 -5 -4 -3 -3 -2 -2 -1 -1 -1 -1 ---------- Run | Scr Mat Min Mat Sto Gar Rec Fac Was Fac Gar Fac Gar Fac Gar Fac Gar Fac Gar Fac Res Gar Res Gar Acc Gar Acc Com Machines Disabled 70 | . . . 1 3 2 . . . . 6 . 4 2 2 8 4 2 2 3 . 7 2 8 . 5 4 5 Max in Single Turn 5 | . . . 1 1 1 . . . . 2 . 1 1 1 5 1 2 1 1 . 2 1 1 . 1 2 2 Garrison Access 3 | . . . . . . . . . . . . . 1 . 1 . 1 . . . . . . . . . . Garrison Relay 30 | . . . . . 2 . . . . 4 . 4 . 1 . 4 . 2 . . 5 . 4 . 4 . . Phase Generator 3 | . . . . . . . . . . 1 . . . . . . . . . . 1 . . . . . 1 Machines Sabotaged . | . . . . . . . . . . . . . . . . . . . . . . . . . . . . Garrisons Compromised 1 | . . . . . . . 1 . . . . . . . . . . . . . . . . . . . . Overloaded Fab Kills . | . . . . . . . . . . . . . . . . . . . . . . . . . . . . Fab Network Shutdowns 2 | . . . . . . . 1 . . . . . . . 1 . . . . . . . . . . . . Hacking | -11 -10 -10 -9 -9 -9 -9 -7 -7 -7 -7 -6 -6 -6 -6 -5 -5 -5 -5 -4 -3 -3 -2 -2 -1 -1 -1 -1 --------- Run | Scr Mat Min Mat Sto Gar Rec Fac Was Fac Gar Fac Gar Fac Gar Fac Gar Fac Gar Fac Res Gar Res Gar Acc Gar Acc Com Machines Accessed 131 | . 6 . 11 9 . 5 16 . 13 . 13 . 16 . 10 . 12 . 3 7 . 4 . 1 . . 5 Terminals 76 | . 6 . 10 7 . 4 10 . 7 . 5 . 6 . 5 . 5 . 3 2 . 2 . . . . 4 Fabricators 16 | . . . . . . . 3 . 3 . 2 . 4 . 2 . 2 . . . . . . . . . . Repair Stations 10 | . . . . 1 . . . . 1 . 2 . 2 . 1 . 1 . . 1 . . . . . . 1 Recycling Units 9 | . . . . . . 1 1 . 1 . 2 . 1 . . . 1 . . 2 . . . . . . . Scanalyzers 8 | . . . 1 . . . 2 . . . 1 . 1 . . . 1 . . 1 . 1 . . . . . Garrison Access 12 | . . . . 1 . . . . 1 . 1 . 2 . 2 . 2 . . 1 . 1 . 1 . . . Total Hacks 367 | . 32 . 48 20 . 17 43 . 33 . 36 . 38 . 25 . 27 . 12 11 . 15 . 1 . . 9 Successful 241 | . 23 . 35 15 . 10 30 . 19 . 23 . 23 . 14 . 20 . 8 8 . 11 . 1 . . 1 Failed 126 | . 9 . 13 5 . 7 13 . 14 . 13 . 15 . 11 . 7 . 4 3 . 4 . . . . 8 Catastrophic 14 | . . . . 1 . . 1 . 7 . . . 1 . 1 . . . . . . . . . . . 3 Database Lockouts . | . . . . . . . . . . . . . . . . . . . . . . . . . . . . Manual 202 | . 31 . 31 10 . 4 25 . 23 . 15 . 18 . 12 . 15 . 8 2 . 5 . . . . 3 Terminals 240 | . 32 . 40 17 . 13 32 . 23 . 14 . 15 . 11 . 11 . 12 4 . 8 . . . . 8 Fabricators 46 | . . . . . . . 5 . 5 . 5 . 15 . 9 . 7 . . . . . . . . . . Repair Stations 21 | . . . . 2 . . . . 2 . 6 . 3 . 2 . 3 . . 2 . . . . . . 1 Recycling Units 20 | . . . . . . 4 2 . 2 . 7 . 1 . . . 1 . . 3 . . . . . . . Scanalyzers 25 | . . . 8 . . . 4 . . . 3 . 1 . . . 2 . . 1 . 6 . . . . . Garrison Access 15 | . . . . 1 . . . . 1 . 1 . 3 . 3 . 3 . . 1 . 1 . 1 . . . Terminal Hacks 120 | . 22 . 24 11 . 7 19 . 8 . 5 . 4 . 4 . 4 . 7 1 . 4 . . . . . Record 3 | . . . . . . . 1 . . . . . . . . . . . 1 1 . . . . . . . Part Schematic 11 | . . . . . . 1 5 . . . 1 . 1 . . . 1 . 2 . . . . . . . . Robot Analysis 5 | . . . . . . . 3 . 1 . . . . . . . . . . . . 1 . . . . . Prototype ID Bank 48 | . 21 . 17 2 . 3 1 . . . 1 . . . 1 . 1 . . . . 1 . . . . . Open Door 2 | . . . . 2 . . . . . . . . . . . . . . . . . . . . . . . Level Access Points 1 | . . . . 1 . . . . . . . . . . . . . . . . . . . . . . . Branch Access Points 1 | . . . 1 . . . . . . . . . . . . . . . . . . . . . . . . Emergency Access Points 1 | . . . . . . . . . . . 1 . . . . . . . . . . . . . . . . Terminal Index 3 | . . . 1 . . . 1 . 1 . . . . . . . . . . . . . . . . . . Fabricator Index 2 | . . . . . . . . . 1 . . . . . . . . . . . . 1 . . . . . Garrison Index 8 | . . . 1 1 . 1 . . 1 . 1 . . . 1 . 1 . 1 . . . . . . . . Unreport Threat 5 | . . . . . . . 3 . 2 . . . . . . . . . . . . . . . . . . Locate Traps 1 | . . . . . . . . . . . . . . . . . . . 1 . . . . . . . . Dispatch Records 3 | . . . . . . 1 1 . . . . . 1 . . . . . . . . . . . . . . Surveillance Status 1 | . . . . . . 1 . . . . . . . . . . . . . . . . . . . . . Transport Status 1 | . . . . . . . . . 1 . . . . . . . . . . . . . . . . . . Extermination Status 1 | . . . . . . . 1 . . . . . . . . . . . . . . . . . . . . Garrison Status 1 | . . . . 1 . . . . . . . . . . . . . . . . . . . . . . . Recall Extermination 1 | . . . . . . . 1 . . . . . . . . . . . . . . . . . . . . Recall Reinforcements 1 | . . . . . . . . . . . . . 1 . . . . . . . . . . . . . . Hauler Manifests 11 | . 1 . 2 1 . . 1 . 1 . 1 . 1 . 1 . . . 1 . . 1 . . . . . Registered Components 1 | . . . . 1 . . . . . . . . . . . . . . . . . . . . . . . Registered Prototypes 1 | . . . . 1 . . . . . . . . . . . . . . . . . . . . . . . Zone Layout 7 | . . . 2 1 . . 1 . . . . . . . 1 . 1 . 1 . . . . . . . . Fabricator Hacks 26 | . . . . . . . 3 . 3 . 4 . 7 . 5 . 4 . . . . . . . . . . Load Schematic 12 | . . . . . . . 1 . 1 . 2 . 4 . 2 . 2 . . . . . . . . . . Build 14 | . . . . . . . 2 . 2 . 2 . 3 . 3 . 2 . . . . . . . . . . Repair Station Hacks 13 | . . . . 2 . . . . 1 . 3 . 2 . 1 . 2 . . 2 . . . . . . . Scan Component 8 | . . . . 1 . . . . 1 . 2 . 1 . 1 . 1 . . 1 . . . . . . . Repair 5 | . . . . 1 . . . . . . 1 . 1 . . . 1 . . 1 . . . . . . . Recycling Unit Hacks 9 | . . . . . . 2 1 . 1 . 1 . 1 . . . 1 . . 2 . . . . . . . Report Inventory 5 | . . . . . . 1 1 . 1 . 1 . 1 . . . . . . . . . . . . . . Retrieve Components 4 | . . . . . . 1 . . . . . . . . . . 1 . . 2 . . . . . . . Scanalyzer 20 | . . . 8 . . . 2 . . . 3 . . . . . 1 . . 1 . 5 . . . . . Insert Component 11 | . . . 4 . . . 1 . . . 2 . . . . . 1 . . 1 . 2 . . . . . Analyze 9 | . . . 4 . . . 1 . . . 1 . . . . . . . . . . 3 . . . . . Garrison Access Hacks 15 | . . . . 1 . . . . 1 . 1 . 3 . 3 . 3 . . 1 . 1 . 1 . . . Unlock Access 9 | . . . . 1 . . . . 1 . 1 . 1 . 1 . 1 . . 1 . 1 . 1 . . . Seal Access 3 | . . . . . . . . . . . . . 1 . 1 . 1 . . . . . . . . . . Coupler Status 3 | . . . . . . . . . . . . . 1 . 1 . 1 . . . . . . . . . . Unauthorized Hacks 38 | . 1 . 3 1 . 1 5 . 5 . 6 . 6 . 1 . 5 . 1 1 . 1 . . . . 1 Terminals 24 | . 1 . 3 1 . 1 4 . 2 . 3 . 3 . . . 2 . 1 1 . 1 . . . . 1 Track 1 | . . . . . . . . . . . . . . . . . . . . . . . . . . . 1 Assimilate 5 | . . . 1 . . . 1 . . . . . 2 . . . . . . 1 . . . . . . . Botnet 13 | . 1 . 1 1 . 1 2 . 1 . 2 . . . . . 2 . 1 . . 1 . . . . . Operators 5 | . . . 1 . . . 1 . 1 . 1 . 1 . . . . . . . . . . . . . . Fabricators 9 | . . . . . . . . . 2 . 1 . 3 . 1 . 2 . . . . . . . . . . Report 2 | . . . . . . . . . 1 . 1 . . . . . . . . . . . . . . . . Prioritize 2 | . . . . . . . . . . . . . 1 . . . 1 . . . . . . . . . . Haulers 5 | . . . . . . . . . 1 . . . 2 . 1 . 1 . . . . . . . . . . Repair Stations 1 | . . . . . . . . . . . . . . . . . 1 . . . . . . . . . . Mechanics 1 | . . . . . . . . . . . . . . . . . 1 . . . . . . . . . . Recycling Units 4 | . . . . . . . 1 . 1 . 2 . . . . . . . . . . . . . . . . Monitor 3 | . . . . . . . 1 . 1 . 1 . . . . . . . . . . . . . . . . Recyclers 1 | . . . . . . . . . . . 1 . . . . . . . . . . . . . . . . Scanalyzers . | . . . . . . . . . . . . . . . . . . . . . . . . . . . . Garrison Access . | . . . . . . . . . . . . . . . . . . . . . . . . . . . . Data Cores Recovered 6 | . . . . 2 . . . . . . . . . . 1 . 1 . 1 . . 1 . . . . . Used 5 | . . . . 2 . . . . . . . . . . 1 . 1 . 1 . . . . . . . . Hacking Detections 116 | . 6 . 11 8 . 5 15 . 12 . 11 . 14 . 9 . 8 . 3 5 . 3 . 1 . . 5 Full Trace Events 2 | . 1 . . . . . . . . . . . 1 . . . . . . . . . . . . . . Feedback Events . | . . . . . . . . . . . . . . . . . . . . . . . . . . . . Feedback Blocked . | . . . . . . . . . . . . . . . . . . . . . . . . . . . . Robot Schematics Acquired . | . . . . . . . . . . . . . . . . . . . . . . . . . . . . Robots Built 3 | . . . . . . . . . 3 . . . . . . . . . . . . . . . . . . Matter 252 | . . . . . . . . . 252 . . . . . . . . . . . . . . . . . . Time 134 | . . . . . . . . . 134 . . . . . . . . . . . . . . . . . . Total Robot Build Rating 12 | . . . . . . . . . 12 . . . . . . . . . . . . . . . . . . Part Schematics Acquired 17 | . . . 4 . . 1 4 . . . 2 . 1 . . . 1 . 2 . . 2 . . . . . Parts Built 20 | . . . . . . . 4 . 1 . 3 . 5 . 4 . 3 . . . . . . . . . . Matter 2345 | . . . . . . . 358 . 146 . 314 . 504 . 570 . 453 . . . . . . . . . . Time 780 | . . . . . . . 120 . 36 . 120 . 168 . 142 . 194 . . . . . . . . . . Total Part Build Rating 84 | . . . . . . . 18 . 3 . 11 . 20 . 19 . 13 . . . . . . . . . . Parts Repaired 5 | . . . . 1 . . . . . . 1 . 1 . . . 1 . . 1 . . . . . . . Time 223 | . . . . 32 . . . . . . 25 . 23 . . . 89 . . 54 . . . . . . . Parts Recycled . | . . . . . . . . . . . . . . . . . . . . . . . . . . . . Recycled Matter . | . . . . . . . . . . . . . . . . . . . . . . . . . . . . Retrieved Matter . | . . . . . . . . . . . . . . . . . . . . . . . . . . . . Retrieved Components 11 | . . . . . . 3 . . . . . . . . . . 6 . . 2 . . . . . . . Parts Scanalyzed 8 | . . . 4 . . . 1 . . . 1 . . . . . . . . . . 2 . . . . . Part Schematics Acquired 7 | . . . 4 . . . . . . . 1 . . . . . . . . . . 2 . . . . . Parts Damaged . | . . . . . . . . . . . . . . . . . . . . . . . . . . . . Bothacking | -11 -10 -10 -9 -9 -9 -9 -7 -7 -7 -7 -6 -6 -6 -6 -5 -5 -5 -5 -4 -3 -3 -2 -2 -1 -1 -1 -1 ------------ Run | Scr Mat Min Mat Sto Gar Rec Fac Was Fac Gar Fac Gar Fac Gar Fac Gar Fac Gar Fac Res Gar Res Gar Acc Gar Acc Com Used RIF Installer 9 | . . . . . 1 . . . . 1 . 1 . 1 . 1 . 1 . . 1 . 1 . 1 . . Coupler Efficiency 2 | . . . . . . . . . . . . . . . . . . 1 . . . . . . 1 . . Hotswap 1 | . . . . . . . . . . . . . . . . . . . . . . . 1 . . . . Threat Obfuscator 1 | . . . . . . . . . . 1 . . . . . . . . . . . . . . . . . Signal Jammer 1 | . . . . . . . . . . . . . . 1 . . . . . . . . . . . . . Zone Cloak 1 | . . . . . . . . . . . . . . . . 1 . . . . . . . . . . . Watcher Feeds 1 | . . . . . . . . . . . . . . . . . . . . . 1 . . . . . . Structural Interface 1 | . . . . . . . . . . . . 1 . . . . . . . . . . . . . . . Robots Hacked 109 | . . . . . . . 2 . . . 2 . 8 . 2 . 2 9 5 6 2 8 5 . 11 33 14 Non-combat 41 | . . . . . . . 2 . . . 2 . 7 . 2 . 2 . 1 2 . 4 . . . 14 5 Combat 68 | . . . . . . . . . . . . . 1 . . . . 9 4 4 2 4 5 . 11 19 9 Robot Hacks Applied 133 | . . . . . . . 7 . . . 3 . 10 . 2 . 2 11 5 9 2 10 5 . 12 40 15 parse_system 8 | . . . . . . . 1 . . . . . . . . . . 2 . . . 1 . . . 2 2 no_distress 3 | . . . . . . . 2 . . . . . . . . . . . . . . 1 . . . . . generate_echo 1 | . . . . . . . . . . . . . . . . . . . . . . . . . . . 1 deconstruct_machine 1 | . . . . . . . . . . . . . . . . . . . . . . . . . . 1 . ignore_repairs 1 | . . . . . . . 1 . . . . . . . . . . . . . . . . . . . . map_walls 4 | . . . . . . . . . . . . . 1 . . . . . . . . . . . . 3 . map_earth 1 | . . . . . . . . . . . . . . . . . . . . . . 1 . . . . . find_fabricator 2 | . . . . . . . 2 . . . . . . . . . . . . . . . . . . . . drop_inventory 15 | . . . . . . . 1 . . . 1 . 3 . 1 . 2 . 1 . . 1 . . . 5 . recall_reinforcements 2 | . . . . . . . . . . . 1 . 1 . . . . . . . . . . . . . . locate_stockpiles 1 | . . . . . . . . . . . . . . . . . . . . . . . . . . 1 . ignore_parts 6 | . . . . . . . . . . . . . . . 1 . . . . . . . . . . 4 1 check_alert 1 | . . . . . . . . . . . . . 1 . . . . . . . . . . . . . . locate_traps 1 | . . . . . . . . . . . . . . . . . . . . . . . . . . 1 . reprogram_traps 1 | . . . . . . . . . . . . . . . . . . . . . . 1 . . . . . block_reporting 2 | . . . . . . . . . . . . . 1 . . . . . . 1 . . . . . . . link_fov 3 | . . . . . . . . . . . 1 . . . . . . . . . . 1 . . . . 1 focus_fire 1 | . . . . . . . . . . . . . . . . . . . . . . . . . . 1 . scatter_targeting 9 | . . . . . . . . . . . . . . . . . . . . 2 . . . . 1 4 2 overload_power 3 | . . . . . . . . . . . . . . . . . . . . . . . . . . 3 . amplify_resonance 10 | . . . . . . . . . . . . . 1 . . . . . . . . . . . 2 3 4 disable_weapons 1 | . . . . . . . . . . . . . . . . . . . . 1 . . . . . . . overwrite_iff 17 | . . . . . . . . . . . . . . . . . . 6 1 . . 1 2 . 5 1 1 streamctrl_high 1 | . . . . . . . . . . . . . . . . . . . . . . . 1 . . . . formatsys_low 5 | . . . . . . . . . . . . . 1 . . . . . . 2 . . . . . 1 1 formatsys_high 33 | . . . . . . . . . . . . . 1 . . . . 3 3 3 2 3 2 . 4 10 2 Relay Couplers Released 125 | . . . . . 9 . . . . 18 . 17 . 3 . 17 . 7 . 3 20 . 15 . 16 . . Machine Destruction 122 | . . . . . 9 . . . . 18 . 17 . 3 . 17 . 7 . . 20 . 15 . 16 . . Programmers 3 | . . . . . . . . . . . . . . . . . . . . 3 . . . . . . . Attached 39 | . . . . . 1 . 1 . . 1 . . 3 . . . 1 4 3 1 5 2 1 . 4 5 7 Robots Rewired 12 | . . . . . . . . . . 6 . . . . . . . . . . 6 . . . . . . Allies Hacked 17 | . . . . . . . 4 . . . . . . . . . . . . 2 . 2 1 . . 6 2 Hacks Repelled . | . . . . . . . . . . . . . . . . . . . . . . . . . . . . Allies | -11 -10 -10 -9 -9 -9 -9 -7 -7 -7 -7 -6 -6 -6 -6 -5 -5 -5 -5 -4 -3 -3 -2 -2 -1 -1 -1 -1 -------- Run | Scr Mat Min Mat Sto Gar Rec Fac Was Fac Gar Fac Gar Fac Gar Fac Gar Fac Gar Fac Res Gar Res Gar Acc Gar Acc Com Total Allies 110 | . . . 1 . . . 18 20 3 6 . . 2 . . . . 9 4 5 8 4 5 . 9 12 4 Largest Group 20 | . . . 1 1 1 1 17 20 20 6 4 . 1 . . . . 3 2 5 7 3 2 2 3 4 3 Highest-Rated Group 657 | . . . 10 10 9 9 657 545 545 96 58 . 26 . . . . 125 115 241 293 180 147 138 180 508 508 Highest-Rated Ally 222 | . . . 10 10 9 9 74 35 35 32 16 . 26 . . . . 49 115 64 115 64 147 69 69 222 222 Total Orders 77 | . . . 2 2 4 . . . . . . . . . . . . . . 1 1 . . . 1 25 41 STAY 16 | . . . 1 1 2 . . . . . . . . . . . . . . . 1 . . . 1 1 9 FOLLOW 11 | . . . 1 1 2 . . . . . . . . . . . . . . . . . . . . 1 6 GUARD 1 | . . . . . . . . . . . . . . . . . . . . . . . . . . . 1 AID 3 | . . . . . . . . . . . . . . . . . . . . 1 . . . . . 2 . EXPLORE 28 | . . . . . . . . . . . . . . . . . . . . . . . . . . 16 12 RETURN 18 | . . . . . . . . . . . . . . . . . . . . . . . . . . 5 13 Ally Attacks 681 | . . . . . . . 56 . 190 45 19 . . . . . . 15 11 34 55 21 27 . 34 114 60 Total Damage 21054 | . . . . . . . 1409 . 3076 566 220 . . . . . . 259 557 1419 2073 713 965 . 1531 4147 4119 Kills 129 | . . . . . . . 6 . 33 8 2 . . . . . . 4 3 6 11 5 7 . 8 19 17 Allies Corrupted 12 | . . . . . . . 4 . . . 1 . . . . . . . . . . . . . . 6 1 Allies Melted 1 | . . . . . . . . . . 1 . . . . . . . . . . . . . . . . . Intel | -11 -10 -10 -9 -9 -9 -9 -7 -7 -7 -7 -6 -6 -6 -6 -5 -5 -5 -5 -4 -3 -3 -2 -2 -1 -1 -1 -1 ------- Run | Scr Mat Min Mat Sto Gar Rec Fac Was Fac Gar Fac Gar Fac Gar Fac Gar Fac Gar Fac Res Gar Res Gar Acc Gar Acc Com Robot Analysis Total 5 | . . . . . . . 3 . 1 . . . . . . . . . . . . 1 . . . . . Derelict Logs Recovered . | . . . . . . . . . . . . . . . . . . . . . . . . . . . . Drone Launches 23 | . . . . . . . . . . . . . . . . . . . . . . . . . . 14 9 Drone Recoveries 13 | . . . . . . . . . . . . . . . . . . . . . . . . . . 5 8 Exploration | -11 -10 -10 -9 -9 -9 -9 -7 -7 -7 -7 -6 -6 -6 -6 -5 -5 -5 -5 -4 -3 -3 -2 -2 -1 -1 -1 -1 ------------- Run | Scr Mat Min Mat Sto Gar Rec Fac Was Fac Gar Fac Gar Fac Gar Fac Gar Fac Gar Fac Res Gar Res Gar Acc Gar Acc Com Turns Passed 34191 | 5 1360 82 1493 697 770 727 2367 213 1424 1261 1561 1411 2359 601 1568 1158 1320 628 632 1061 1738 1175 1040 19 929 3746 2846 Spaces Moved 20026 | 5 762 37 948 380 501 539 1652 146 1070 776 934 754 1455 365 1015 710 829 339 399 625 949 612 516 12 535 1891 1270 Core 63 | . . . . . . . . . . . . . . . . . . . . . . . . . . . 63 Treads 3458 | . 720 37 117 . . . 4 . . . . . . . . . . . . . . 1 . . . 1579 1000 Legs 181 | 5 42 . . . . . . . . . . . . . . . . . . . . . . . . . 134 Wheels 16251 | . . . 831 380 501 539 1648 146 1070 776 934 754 1455 365 1015 710 829 339 399 625 949 611 516 12 535 312 . Hover . | . . . . . . . . . . . . . . . . . . . . . . . . . . . . Flight 73 | . . . . . . . . . . . . . . . . . . . . . . . . . . . 73 Fastest Speed 40 | 120 120 160 90 120 120 120 115 123 115 115 115 120 115 130 130 130 115 129 112 105 110 126 130 126 126 126 40 Average Speed 131 | 120 158 160 123 120 120 120 123 123 117 115 128 128 122 130 130 130 124 129 127 135 129 142 148 126 126 155 146 Slowest Speed 760 | 120 200 160 160 150 120 120 545 123 123 115 130 140 135 130 130 130 170 129 190 210 130 645 150 126 126 760 290 Overloaded Moves . | . . . . . . . . . . . . . . . . . . . . . . . . . . . . Propulsion Burnouts . | . . . . . . . . . . . . . . . . . . . . . . . . . . . . Robots Hopped 1 | . . . . . . . . . 1 . . . . . . . . . . . . . . . . . . Cave-ins Triggered . | . . . . . . . . . . . . . . . . . . . . . . . . . . . . Exploration Rate (%) 55 | 2 93 8 82 55 48 91 52 83 35 97 33 90 45 61 31 96 28 63 13 17 99 24 98 1 96 69 57 Regions Visited 27 Branch Regions 4 Pre-discovered Areas . | . . . . . . . . . . . . . . . . . . . . . . . . . . . . Known Exits Taken 16 | 1 1 1 1 1 . 1 . . 1 . 1 . 1 . 1 . 1 . 1 1 . 1 . 1 . 1 . Unknown Exits Taken . | . . . . . . . . . . . . . . . . . . . . . . . . . . . . Scrap Searched . | . . . . . . . . . . . . . . . . . . . . . . . . . . . . Spaces Dug 66 | . . . 5 1 . . 1 . . . 1 2 6 21 . . 4 5 2 . 1 . 3 . . 8 6 Terrain Destroyed 893 | . 5 . 5 1 . . 1 . . 74 1 2 15 52 38 19 89 17 55 7 109 58 49 . 12 77 207 Melee 20 | . . . 5 1 . . 1 . . . 1 . 6 . . . 4 . 2 . . . . . . . . Projectile 185 | . . . . . . . . . . . . 2 9 3 . 3 3 17 7 7 30 10 11 . 12 54 17 AOE 688 | . 5 . . . . . . . . 74 . . . 49 38 16 82 . 46 . 79 48 38 . . 23 190 Terrain Rammed . | . . . . . . . . . . . . . . . . . . . . . . . . . . . . Walls Destroyed . | . . . . . . . . . . . . . . . . . . . . . . . . . . . . Machines Disabled . | . . . . . . . . . . . . . . . . . . . . . . . . . . . . Actions | -11 -10 -10 -9 -9 -9 -9 -7 -7 -7 -7 -6 -6 -6 -6 -5 -5 -5 -5 -4 -3 -3 -2 -2 -1 -1 -1 -1 --------- Run | Scr Mat Min Mat Sto Gar Rec Fac Was Fac Gar Fac Gar Fac Gar Fac Gar Fac Gar Fac Res Gar Res Gar Acc Gar Acc Com Total 25346 | 4 855 49 1145 549 605 577 1917 159 1179 975 1186 994 1863 436 1200 851 1036 483 472 803 1281 840 711 16 727 2510 1923 Wait 2165 | . 17 7 26 67 26 15 102 4 62 47 143 65 227 19 110 26 109 41 10 70 129 111 68 3 36 311 314 Move 19989 | 4 761 36 947 379 499 538 1652 145 1067 774 933 752 1454 363 1014 708 828 337 398 624 947 611 514 11 533 1890 1270 Hop 1 | . . . . . . . . . 1 . . . . . . . . . . . . . . . . . . Pick Up 274 | . 14 . 37 12 2 2 28 . 4 8 12 4 17 2 10 13 4 6 9 9 14 11 8 . 13 22 13 Fast Attach 224 | . 3 . 8 3 6 . 12 1 3 1 2 4 11 1 8 2 16 5 3 27 6 14 1 . 4 37 46 Attach 104 | . 2 . 2 2 2 . 6 . . 5 3 3 7 4 . 3 2 5 4 3 6 2 5 2 2 7 27 Detach 51 | . 1 . . 1 3 . . . . 3 . 1 4 1 . 1 2 2 2 8 2 2 1 . 1 6 10 Swap 278 | . 10 1 19 16 2 1 20 1 7 4 17 16 28 1 7 4 15 5 6 6 16 17 4 . 15 28 12 Drop 431 | . 14 . 41 21 7 2 47 1 12 6 18 12 24 1 13 13 17 3 7 25 19 26 5 . 20 59 18 Fire 1339 | . 33 5 58 32 25 19 33 7 21 70 49 90 83 28 30 41 33 46 28 27 87 44 46 . 58 147 199 Melee 63 | . . . 7 8 17 . 9 . . 4 1 . 7 . . . 7 . 3 . . . . . . . . Ram 5 | . . . . . . . . . 1 1 . . . . . . 3 . . . . . . . . . . Kick . | . . . . . . . . . . . . . . . . . . . . . . . . . . . . Crush 12 | . . . . . . . . . . . . . . . . . . . . . . . . . . . 12 Escape Stasis 346 | . . . . 8 16 . 8 . . 32 8 47 . 16 8 40 . 30 . . 32 . 56 . 45 . . Rewire 62 | . . . . . . . . . 1 20 . . 1 . . . . 3 2 4 23 2 3 . . 1 2 Trap . | . . . . . . . . . . . . . . . . . . . . . . . . . . . . Miscellaneous 2 | . . . . . . . . . . . . . . . . . . . . . . . . . . 2 . Route ------- -11/Scrapyard -10/Materials (discovered 4 exits: *Mat x3 / *Min) -10/Mines -9/Materials (discovered 5 exits: *Mat x2 / *Min x2 / *Sto) -9/Storage (discovered 2 exits: Mat / Gar) -9/Garrison -9/Recycling -7/Factory (discovered 3 exits: *Fac x2 / *Low) -7/Waste -7/Factory (discovered 3 exits: *Fac / *Low / Gar) -7/Garrison (discovered 3 exits: *Fac x3) -6/Factory (discovered 2 exits: *Fac / Gar) -6/Garrison (discovered 3 exits: *Fac x3) -6/Factory (discovered 3 exits: *Fac / *Low / Gar) -6/Garrison (discovered 2 exits: *Fac x2) -5/Factory (discovered 4 exits: *Fac / *Upp / *Ext / Gar) -5/Garrison (discovered 3 exits: *Fac x3) -5/Factory -5/Garrison (discovered 2 exits: *Fac x2) -4/Factory -3/Research (discovered 2 exits: *Res / Gar) -3/Garrison (discovered 3 exits: *Res x3) -2/Research (discovered 3 exits: *Acc x2 / Gar) -2/Garrison (discovered 3 exits: *Acc x3) -1/Access -1/Garrison (discovered 3 exits: *Acc x3) -1/Access -1/Command History --------- Turn | Location | Event 1 | -11/Scrapyard | Identified exit to Materials 1 | -11/Scrapyard | Discovered exit to Materials (range 2) 6 | -11/Scrapyard | Entered Materials 6 | -10/Materials | Evolved 1 slot: Utility x1 316 | -10/Materials | Build established: Hacker-Mutant 451 | -10/Materials | Identified exit to Materials 451 | -10/Materials | Discovered exit to Materials (range 13) 708 | -10/Materials | Discovered exit to Materials (range 8) 1054 | -10/Materials | Discovered exit to Materials (range 12) 1278 | -10/Materials | Identified exit to Mines 1278 | -10/Materials | Discovered exit to Mines (range 15) 1366 | -10/Materials | Entered Mines 1391 | -10/Mines | Assembled infested the area 1427 | -10/Mines | Discovered exit to Materials (range 14) 1448 | -10/Mines | Entered Materials 1448 | -9/Materials | Evolved 2 slots: Propulsion x1, Weapon x1 1758 | -9/Materials | Build established: Hacker-Gunner 1978 | -9/Materials | Identified exit to Materials 1978 | -9/Materials | Discovered exit to Materials (range 3) 2109 | -9/Materials | Identified exit to Mines 2109 | -9/Materials | Discovered exit to Mines (range 16) 2248 | -9/Materials | Discovered exit to Mines (range 16) 2563 | -9/Materials | Discovered exit to Materials (range 8) 2744 | -9/Materials | Identified exit to Storage 2744 | -9/Materials | Discovered exit to Storage (range 16) 2941 | -9/Materials | Entered Storage 2941 | -9/Storage | Accompanied by 1 ally 3352 | -9/Storage | Repaired Arm. Wheel 3637 | -9/Storage | Identified exit to Garrison 3638 | -9/Storage | Entered Garrison 3638 | -9/Garrison | Accompanied by 1 ally 3644 | -9/Garrison | Installed Relay Interface Framework 3706 | -9/Garrison | Garrison Relay disabled 3883 | -9/Garrison | Build established: Hacker-Mutant 3940 | -9/Garrison | Triggered checkpoint 4136 | -9/Garrison | Destroyed 7 combat bots 4186 | -9/Garrison | Identified exit to Recycling 4186 | -9/Garrison | Discovered exit to Recycling (range 10) 4247 | -9/Garrison | Triggered checkpoint 4299 | -9/Garrison | Garrison Relay disabled 4408 | -9/Garrison | Entered Recycling 4408 | -9/Recycling | Accompanied by 1 ally 4461 | -9/Recycling | Spotter reported a threat 4541 | -9/Recycling | Spotter reported a threat 4722 | -9/Recycling | Spotter reported a threat 4723 | -9/Recycling | Spotter reported a threat 4732 | -9/Recycling | Spotter reported a threat 4739 | -9/Recycling | Build established: Hacker-Gunner 4775 | -9/Recycling | Spotter reported a threat 4775 | -9/Recycling | Spotter reported a threat 4805 | -9/Recycling | Identified exit to Factory 4805 | -9/Recycling | Discovered exit to Factory (range 15) 4846 | -9/Recycling | Spotter reported a threat 5071 | -9/Recycling | Spotter reported a threat 5135 | -9/Recycling | Entered Factory 5135 | -7/Factory | Evolved 4 slots: Propulsion x1, Utility x3 5374 | -7/Factory | Fabricated Arm. Wheel (x2) 5807 | -7/Factory | Fabricated Adv. Particle Charger (x2) 5840 | -7/Factory | Cargo convoy interrupted 6118 | -7/Factory | Local fabrication network quarantined 6568 | -7/Factory | Identified exit to Factory 6568 | -7/Factory | Discovered exit to Factory (range 16) 7037 | -7/Factory | Discovered exit to Factory (range 14) 7246 | -7/Factory | Identified exit to Lower Caves 7246 | -7/Factory | Discovered exit to Lower Caves (range 20) 7502 | -7/Factory | Sucked down chute 7502 | -7/Factory | Entered Waste 7503 | -7/Waste | Joined by Warlord forces that had cleared the area 7692 | -7/Waste | Identified exit to Factory 7692 | -7/Waste | Discovered exit to Factory (range 12) 7715 | -7/Waste | Entered Factory 7715 | -7/Factory | Accompanied by 20 allies 7715 | -7/Factory | Discovered exit to Lower Caves (range 8) 8220 | -7/Factory | Fabricated Adv. Targeting Computer (x1) 8332 | -7/Factory | Discovered exit to Factory (range 12) 8853 | -7/Factory | Fabricated B-48 Gladiator? 8903 | -7/Factory | Assembled infested ambush trap array 9132 | -7/Factory | Identified exit to Garrison 9139 | -7/Factory | Entered Garrison 9139 | -7/Garrison | Accompanied by 2 allies 9150 | -7/Garrison | Triggered checkpoint 9201 | -7/Garrison | Garrison Relay disabled 9298 | -7/Garrison | Phase Generator disabled 9341 | -7/Garrison | Triggered checkpoint 9413 | -7/Garrison | Destroyed 9 combat bots 9472 | -7/Garrison | Discovered exit to Factory (range 10) 9507 | -7/Garrison | Triggered checkpoint 9553 | -7/Garrison | Garrison Relay disabled 9630 | -7/Garrison | Triggered checkpoint 9732 | -7/Garrison | Triggered checkpoint 9776 | -7/Garrison | Garrison Relay disabled 9826 | -7/Garrison | Discovered exit to Factory (range 16) 9860 | -7/Garrison | Expanded RIF knowledge: Threat Obfuscation 9972 | -7/Garrison | Triggered checkpoint 10052 | -7/Garrison | Garrison Relay disabled 10114 | -7/Garrison | Triggered checkpoint 10168 | -7/Garrison | Triggered checkpoint 10168 | -7/Garrison | Triggered checkpoint 10352 | -7/Garrison | Discovered exit to Factory (range 10) 10400 | -7/Garrison | Entered Factory 10400 | -6/Factory | Accompanied by 4 allies 10400 | -6/Factory | Evolved 2 slots: Utility x2 10500 | -6/Factory | Fabricated Arm. Huge Wheel (x2) 10647 | -6/Factory | Build established: Bothacker-Gunner 10763 | -6/Factory | Spotted B-75 Beast 10894 | -6/Factory | Fabricated Hrd. Medium Armor Plating (x1) 11413 | -6/Factory | Garrison activated, responded to threat 11569 | -6/Factory | Repaired Angular Momentum Engine 11701 | -6/Factory | Identified exit to Factory 11701 | -6/Factory | Discovered exit to Factory (range 9) 11960 | -6/Factory | Identified exit to Garrison 11961 | -6/Factory | Entered Garrison 12029 | -6/Garrison | Triggered checkpoint 12101 | -6/Garrison | Destroyed 7 combat bots 12101 | -6/Garrison | Garrison Relay disabled 12235 | -6/Garrison | Triggered checkpoint 12269 | -6/Garrison | Build established: Bothacker-Tank 12292 | -6/Garrison | Spotted B-75 Beast 12309 | -6/Garrison | Destroyed B-75 Beast 12455 | -6/Garrison | Triggered checkpoint 12557 | -6/Garrison | Garrison Relay disabled 12630 | -6/Garrison | Identified exit to Factory 12630 | -6/Garrison | Discovered exit to Factory (range 9) 12730 | -6/Garrison | Triggered checkpoint 12736 | -6/Garrison | Triggered checkpoint 12737 | -6/Garrison | Core integrity fell below 50% 12887 | -6/Garrison | Discovered exit to Factory (range 21) 12977 | -6/Garrison | Triggered checkpoint 13008 | -6/Garrison | Garrison Relay disabled 13122 | -6/Garrison | Triggered checkpoint 13270 | -6/Garrison | Discovered exit to Factory (range 10) 13288 | -6/Garrison | Expanded RIF knowledge: Structural Interface 13317 | -6/Garrison | Garrison Relay disabled 13372 | -6/Garrison | Entered Factory 14106 | -6/Factory | Build established: Bothacker-Mutant 14114 | -6/Factory | Discovered exit to Factory (range 22) 14412 | -6/Factory | Fabricated Arm. Huge Wheel (x2) 14585 | -6/Factory | Fabricated Imp. Cooling System (x1) 14724 | -6/Factory | Cargo convoy interrupted 14767 | -6/Factory | Lost 3 parts (1p2u) 14769 | -6/Factory | Destroyed 7 combat bots 14845 | -6/Factory | Core integrity fell below 20% 14953 | -6/Factory | Fabricated Arm. Huge Wheel (x2) 15070 | -6/Factory | Identified exit to Lower Caves 15070 | -6/Factory | Discovered exit to Lower Caves (range 21) 15161 | -6/Factory | Found Hvy. Reactive Plating 15528 | -6/Factory | Build established: Machinist-Mutant 15582 | -6/Factory | Spotted B-75 Beast 15641 | -6/Factory | Repaired Cld. Pulse Rifle 15726 | -6/Factory | Identified exit to Garrison 15731 | -6/Factory | Entered Garrison 15738 | -6/Garrison | Expanded RIF knowledge: Signal Jamming 15773 | -6/Garrison | Garrison Relay disabled 15897 | -6/Garrison | Triggered checkpoint 15957 | -6/Garrison | Triggered checkpoint 15994 | -6/Garrison | Lost 3 parts (1p1u1w) 16030 | -6/Garrison | Discovered exit to Factory (range 10) 16031 | -6/Garrison | Destroyed 8 combat bots 16090 | -6/Garrison | Build established: Bothacker-Mutant 16144 | -6/Garrison | Triggered checkpoint 16247 | -6/Garrison | Discovered exit to Factory (range 13) 16332 | -6/Garrison | Entered Factory 16332 | -5/Factory | Evolved 2 slots: Utility x2 16600 | -5/Factory | Identified exit to Upper Caves 16600 | -5/Factory | Discovered exit to Upper Caves (range 3) 16646 | -5/Factory | Identified exit to Factory 16646 | -5/Factory | Discovered exit to Factory (range 22) 16697 | -5/Factory | Build established: Bothacker-Gunner 16773 | -5/Factory | Fabricated Adv. Targeting Computer (x1) 17232 | -5/Factory | Found Hvy. Reactive Plating 17262 | -5/Factory | Identified exit to Extension 17262 | -5/Factory | Discovered exit to Extension (range 15) 17490 | -5/Factory | Fabricated Adv. Remote Datajack (x1) 17538 | -5/Factory | Fabricated Arm. Huge Wheel (x2) 17624 | -5/Factory | Local fabrication network quarantined 17899 | -5/Factory | Identified exit to Garrison 17900 | -5/Factory | Entered Garrison 17945 | -5/Garrison | Triggered checkpoint 17986 | -5/Garrison | Garrison Relay disabled 18237 | -5/Garrison | Triggered checkpoint 18329 | -5/Garrison | Garrison Relay disabled 18366 | -5/Garrison | Identified exit to Factory 18366 | -5/Garrison | Discovered exit to Factory (range 9) 18632 | -5/Garrison | Triggered checkpoint 18635 | -5/Garrison | Garrison Relay disabled 18669 | -5/Garrison | Build established: Botlord-Tank 18728 | -5/Garrison | Triggered checkpoint 18746 | -5/Garrison | Discovered exit to Factory (range 11) 18773 | -5/Garrison | Expanded RIF knowledge: Zone Cloak 18858 | -5/Garrison | Triggered checkpoint 18899 | -5/Garrison | Discovered exit to Factory (range 12) 18928 | -5/Garrison | Triggered checkpoint 19001 | -5/Garrison | Garrison Relay disabled 19058 | -5/Garrison | Entered Factory 19225 | -5/Factory | Spotted B-75 Beast 19510 | -5/Factory | Fabricated Arm. Huge Wheel (x2) 19648 | -5/Factory | Build established: Botlord-Gunner 19740 | -5/Factory | Repaired Hvy. Gatling Laser 19952 | -5/Factory | Fabricated Exp. Targeting Computer (x1) 20279 | -5/Factory | Garrison activated, responded to threat 20309 | -5/Factory | Cargo convoy interrupted 20376 | -5/Factory | Identified exit to Garrison 20378 | -5/Factory | Entered Garrison 20389 | -5/Garrison | Lost 5 parts (1n2u2w) 20428 | -5/Garrison | Found Quantum Capacitor 20474 | -5/Garrison | Triggered checkpoint 20528 | -5/Garrison | Triggered checkpoint 20551 | -5/Garrison | Garrison Relay disabled 20634 | -5/Garrison | Build established: Botlord-Mutant 20708 | -5/Garrison | Discovered exit to Factory (range 9) 20724 | -5/Garrison | Expanded RIF knowledge: Coupler Efficiency 20760 | -5/Garrison | Garrison Relay disabled 20866 | -5/Garrison | Triggered checkpoint 20866 | -5/Garrison | Triggered checkpoint 20950 | -5/Garrison | Triggered checkpoint 20966 | -5/Garrison | Discovered exit to Factory (range 11) 21006 | -5/Garrison | Entered Factory 21006 | -4/Factory | Evolved 2 slots: Power x1, Propulsion x1 21020 | -4/Factory | Spotted B-86 Titan 21026 | -4/Factory | Assimilated Titan 7a with formatsys_high 21467 | -4/Factory | Identified exit to Research 21467 | -4/Factory | Discovered exit to Research (range 20) 21575 | -4/Factory | Cargo convoy interrupted 21575 | -4/Factory | Spotted Striker 21575 | -4/Factory | Allies destroyed Striker 21576 | -4/Factory | P-70 Sage assimilated allied Sentinel 7b 21583 | -4/Factory | Spotted Executioner 21607 | -4/Factory | Destroyed 9 combat bots 21638 | -4/Factory | Entered Research 21638 | -3/Research | Evolved 2 slots: Utility x1, Weapon x1 21663 | -3/Research | Lost 7 parts (1p2n2u2w) 21665 | -3/Research | Found Prototype Processor 21665 | -3/Research | Identified Spectral Analyzer 21861 | -3/Research | Build established: Botlord-Gunner 22033 | -3/Research | Identified exit to Research 22033 | -3/Research | Discovered exit to Research (range 18) 22246 | -3/Research | Build established: Botlord-Mutant 22287 | -3/Research | Repaired Hdn. Centrium Wheel 22296 | -3/Research | P-80 Master assimilated allied Warden 8b 22304 | -3/Research | P-80 Master assimilated allied Warden 8c 22692 | -3/Research | Identified exit to Garrison 22699 | -3/Research | Entered Garrison 22699 | -3/Garrison | Accompanied by 3 allies 22778 | -3/Garrison | Phase Generator disabled 22946 | -3/Garrison | Triggered checkpoint 22996 | -3/Garrison | Garrison Relay disabled 23104 | -3/Garrison | Triggered checkpoint 23126 | -3/Garrison | Spotted B-86 Titan 23144 | -3/Garrison | Triggered checkpoint 23282 | -3/Garrison | Discovered exit to Research (range 13) 23305 | -3/Garrison | Expanded RIF knowledge: Watcher Feeds 23398 | -3/Garrison | Triggered checkpoint 23407 | -3/Garrison | Garrison Relay disabled 23483 | -3/Garrison | Found Unknown Launcher 23484 | -3/Garrison | Identified Fusion Bomb Launcher 23579 | -3/Garrison | Assimilated Titan 8a with formatsys_high 23590 | -3/Garrison | Triggered checkpoint 23688 | -3/Garrison | Discovered exit to Research (range 14) 23718 | -3/Garrison | Triggered checkpoint 23769 | -3/Garrison | Garrison Relay disabled 23920 | -3/Garrison | Destroyed 7 combat bots 23980 | -3/Garrison | Discovered exit to Research (range 9) 24006 | -3/Garrison | Triggered checkpoint 24011 | -3/Garrison | Garrison Relay disabled 24056 | -3/Garrison | Triggered checkpoint 24068 | -3/Garrison | Garrison Relay disabled 24340 | -3/Garrison | Build established: Hacker-Tank 24437 | -3/Garrison | Entered Research 24437 | -2/Research | Evolved 2 slots: Utility x2 24551 | -2/Research | Identified exit to Access 24551 | -2/Research | Discovered exit to Access (range 3) 25149 | -2/Research | Discovered exit to Access (range 2) 25610 | -2/Research | Identified exit to Garrison 25612 | -2/Research | Entered Garrison 25656 | -2/Garrison | Triggered checkpoint 25755 | -2/Garrison | Garrison Relay disabled 25812 | -2/Garrison | Spotted B-90 Cyclops 25835 | -2/Garrison | Triggered checkpoint 25844 | -2/Garrison | Triggered checkpoint 25851 | -2/Garrison | Hijacked Cyclops 9a control node with streamctrl_high 25859 | -2/Garrison | Triggered checkpoint 25869 | -2/Garrison | Triggered checkpoint 25890 | -2/Garrison | Destroyed 9 combat bots 26014 | -2/Garrison | Discovered exit to Access (range 15) 26044 | -2/Garrison | Expanded RIF knowledge: Hotswap 26107 | -2/Garrison | Triggered checkpoint 26163 | -2/Garrison | Garrison Relay disabled 26247 | -2/Garrison | Discovered exit to Access (range 21) 26272 | -2/Garrison | Build established: Botlord-Mutant 26312 | -2/Garrison | Triggered checkpoint 26360 | -2/Garrison | Garrison Relay disabled 26486 | -2/Garrison | Triggered checkpoint 26563 | -2/Garrison | Garrison Relay disabled 26627 | -2/Garrison | Discovered exit to Access (range 14) 26652 | -2/Garrison | Entered Access 26652 | -1/Access | Accompanied by 2 allies 26652 | -1/Access | Evolved 2 slots: Propulsion x1, Utility x1 26670 | -1/Access | Identified exit to Garrison 26671 | -1/Access | Entered Garrison 26671 | -1/Garrison | Accompanied by 2 allies 26674 | -1/Garrison | Build established: Botlord-Tank 26696 | -1/Garrison | Triggered checkpoint 26736 | -1/Garrison | Garrison Relay disabled 26802 | -1/Garrison | Spotted B-99 Colossus 26828 | -1/Garrison | Triggered checkpoint 26861 | -1/Garrison | Triggered checkpoint 26887 | -1/Garrison | Destroyed B-99 Colossus 26945 | -1/Garrison | Triggered checkpoint 27026 | -1/Garrison | Destroyed 8 combat bots 27068 | -1/Garrison | Identified exit to Access 27068 | -1/Garrison | Discovered exit to Access (range 11) 27095 | -1/Garrison | Expanded RIF knowledge: Coupler Efficiency 27136 | -1/Garrison | Triggered checkpoint 27199 | -1/Garrison | Garrison Relay disabled 27381 | -1/Garrison | Discovered exit to Access (range 10) 27399 | -1/Garrison | Garrison Relay disabled 27439 | -1/Garrison | Build established: Botlord-Mutant 27526 | -1/Garrison | Garrison Relay disabled 27565 | -1/Garrison | Discovered exit to Access (range 21) 27600 | -1/Garrison | Entered Access 27600 | -1/Access | Accompanied by 3 allies 27617 | -1/Access | Found Hvy. Reactive Plating 27713 | -1/Access | Found Prototype Device 27713 | -1/Access | Identified Exp. ECM Suite 28189 | -1/Access | Spotted B-99 Colossus 29188 | -1/Access | Assembled infested ambush trap array 29290 | -1/Access | System corruption reached 10% 30087 | -1/Access | Found Fusion Bomb Launcher 30583 | -1/Access | Spotted B-99 Colossus 30597 | -1/Access | Destroyed B-99 Colossus 30621 | -1/Access | P-80 Master assimilated allied Warden 10f 30679 | -1/Access | Destroyed 7 combat bots 30919 | -1/Access | Build established: Botlord-Tank 31289 | -1/Access | Spotted B-99 Colossus 31290 | -1/Access | Spotted B-99 Colossus 31292 | -1/Access | Assimilated Colossus 10a with formatsys_high 31294 | -1/Access | Assimilated Colossus 10b with formatsys_high 31324 | -1/Access | Identified exit to Command 31324 | -1/Access | Discovered exit to Command (range 4) 31346 | -1/Access | Entered Command 31346 | -1/Command | Accompanied by 3 allies 31563 | -1/Command | Phase Generator disabled 32102 | -1/Command | Found Antimissile System 32305 | -1/Command | Spotted M Guard 32305 | -1/Command | Spotted M Guard 32305 | -1/Command | Spotted Combat Programmer 32306 | -1/Command | Spotted Combat Programmer 32318 | -1/Command | Destroyed M Guard 32400 | -1/Command | P-80 Master assimilated allied Colossus 10a 32406 | -1/Command | Destroyed Colossus 10b 32414 | -1/Command | System corruption reached 30% 32422 | -1/Command | Destroyed Combat Programmer 32475 | -1/Command | Destroyed Combat Programmer 32487 | -1/Command | Lost 14 parts (3p1n6u4w) 32579 | -1/Command | Core integrity fell below 50% 32606 | -1/Command | Lost 12 parts (1n6u5w) 32775 | -1/Command | Lost 7 parts (1p2n3u1w) 32777 | -1/Command | Found Fusion Bomb Launcher 32843 | -1/Command | Build established: Botlord-Mutant 33209 | -1/Command | Core integrity fell below 20% 33345 | -1/Command | Build established: Hacker-Mutant 33899 | -1/Command | Lost 3 parts (1u2w) 34171 | -1/Command | Spotted Executioner 34171 | -1/Command | Spotted Executioner 34171 | -1/Command | Spotted Executioner 34171 | -1/Command | Spotted Executioner 34171 | -1/Command | Spotted Striker 34171 | -1/Command | Spotted Striker 34171 | -1/Command | Spotted Alpha 7 34171 | -1/Command | Spotted Alpha 7 34172 | -1/Command | Spotted B-99 Colossus 34175 | -1/Command | Released all parts (22) 34175 | -1/Command | Spotted B-99 Colossus 34192 | -1/Command | Destroyed by Striker with Compact Linear Accelerator Last Messages --------------- 34175_ Released Relay Coupler [NC]. 34175_ Released Adv. Targeting Computer. 34175_ Released Adv. Cryofiber Web. 34175_ Released Energy Filter. 34175_ Released Hvy. Machine Gun. 34175_ Released Gravity Neutralizing Apparatus. 34175_ Released Adv. Remote Datajack. 34175_ Released Gamma Rifle. 34175_ Released Adv. Target Analyzer. 34175_ Released Biometal Medium Treads. 34176_ Slug penetrates Executioner. 34176_ Executioner suffers critical hit (Destroy). 34176_ Slug penetrates Alpha 7. 34176_ Knocked back. 34177_ Penetrated by Slug. 34177_ Slug penetrates Wall. 34177_ Penetrated by Slug. 34182_ Slug penetrates R-10 Processor. 34185_ System corrupted: Component data lost. 34189_ K-01 Serf destroyed. Map ----- +----------------------------------------------------+ | ?# ##??# #??????????????????????# #?# | | ?# #???# #??????????????????????# #?### | | ?# ##### ##?????????????????????# ##### | | ?# ####################### ## | | ? + "" =## ## | | # ###### """" ## ##!! | | % #????# """" ## ##!! | | #????# "" ## ## | | % ###### ## ## | | %% % # ## ## | | % % # ## ## * | | ]!!![ ! + ## ##! | | %%[==* " # ## ## | | %%!%|! "Y # ## ## | | !#!# ## """ # ## ##* | | ! # # ## ## | | # #################+#+######## | | "" # ####??############## | | "" #?????# # | | "T # #?????# # | | """ # #?????# # | | " # #?????# % # ####### | | # #?????# !!] = #R # | | + ! #?????# !!R *%= K/ # | | #+#######+########R####### !] # + | | # #??????????????# RR@ R # # "" | | ? #??????????????######### # # """" | | ? #??????????????????????# # # """" | | ? #??????????????????????# # # "" | | ? ??????????????????????# # # | | ? ??????????????????????############## # | | ?? ???????????????????????????????????# ####### | | ?? ???????????????????????????????????# ##### | | ???????????????????????? ?????????????# # | | ??????????????????????? ?#?####????# # | | ??????????????????????? # # # ##??# | | ??????????????????????? ^ ^ ### | | ??????????????????????" / | | ??????????????????????" ^ ^ ^ / # | | ??????????????????????" [!/!| + | | ??????????????????????" !*/=* # | | ??????????????????????" !!!!![! | | ?????????????????????? # # # #=###%! | | ??????????????????????????????#?##??##[ " | | ?????????????????????????????????????## " | | ??????????????????????????????????????# # +## | | ??????????????????????????????????????# # | | ??????????????????????????############# # | | ??????????????????????????# + + | | ??????????????????????????# % # #? "" | +----------------------------------------------------+ Best States ------------- Heat Dissipation 109 Coolant Potential 100 Energy Generation 61 Energy Capacity 1160 Matter Stores 450 Matter Capacity 450 Sight Range 23 Robot Scan Range 18 Terrain Scan Range 20 Terrain Scan Density 10 Additional Mass Support 12 Base Temperature (-) 200 Corruption Prevention 20 Armor Coverage 1200 Resistance: KI 75 Resistance: TH 60 Resistance: EX 35 Resistance: EM 35 Resistance: I 35 Resistance: S 35 Resistance: P 35 Utility Shielding 33 Weapon Shielding 66 Point Defense Rating 240 Thermal Conversion 90 Weapon Cycling 15 Evasion (%) 62 Targeting Accuracy 12 Target Analysis 8 Core Analysis 8 Recoil Reduction 6 Energy Filtering 30 Particle Charging 25 Offensive Hacking 34 Defensive Hacking 10 Relay Coupler Types 365 Relay Coupler Value 7 Item Schematics ----------------- Arm. Wheel | -9/Materials | Scanalyzed Utility Shielding | -9/Materials | Scanalyzed Hrd. Medium Armor Plating | -9/Materials | Scanalyzed Plasma Cutter | -9/Materials | Scanalyzed Adv. Treads | -9/Recycling | Hacked Arm. Huge Wheel | -7/Factory | Hacked Adv. Targeting Computer | -7/Factory | Hacked Cooling System | -7/Factory | Hacked Med. Treads | -7/Factory | Hacked Imp. Weapon Shielding | -6/Factory | Scanalyzed Imp. Cooling System | -6/Factory | Hacked Imp. Coolant Injector | -6/Factory | Hacked Exp. Targeting Computer | -5/Factory | Hacked Matter Neutralizer | -4/Factory | Hacked Enh. Nova Cannon | -4/Factory | Hacked Adv. Remote Datajack | -2/Research | Scanalyzed Hdn. Centrium Wheel | -2/Research | Scanalyzed Robot Schematics ------------------ None Fabricated ------------ Arm. Wheel | x2 | -7/Factory Adv. Particle Charger | x2 | -7/Factory | Preloaded Adv. Targeting Computer | x1 | -7/Factory B-48 Gladiator | x3 | -7/Factory | Preloaded Arm. Huge Wheel | x2 | -6/Factory Hrd. Medium Armor Plating | x1 | -6/Factory Arm. Huge Wheel | x2 | -6/Factory Imp. Cooling System | x1 | -6/Factory Arm. Huge Wheel | x2 | -6/Factory Adv. Targeting Computer | x1 | -5/Factory Adv. Remote Datajack | x1 | -5/Factory | Preloaded Arm. Huge Wheel | x2 | -5/Factory Arm. Huge Wheel | x2 | -5/Factory Exp. Targeting Computer | x1 | -5/Factory Alien Tech Used ----------------- None Achievements -------------- Gun Specialist Challenges ------------ None Game ------ Seed AerolevAlloyBoomstick Manual? 0 Play Time 09:25:01 Cumulative 258.5 hours Start 2021.07.02 @ 20:28:36 End 2021.07.09 @ 01:45:59 Sessions 13 Manual Loads 0 Difficulty Explorer Special Mode None Game No. 96 Rogue 68 Adventurer 0 Explorer 28 Win Type - Total 7 Types 5/1/1/0/0/0/0/0/0 Lore% 66 Gallery% 73 Achievement% 61 Wizard Run 0 Options --------- ASCII 1 Keyboard 1 Movement Numpad Keybinds 0 Fullscreen 1 Font 18/SmallcapsGlow Map View 76x50 Tactical HUD 1 Map Filters NONE Filters NONE Steam 1 RUN: 79b2966a-af4c-471e-9b15-12556577c344